[Event "Khanty-Mansiysk FIDE GP (Women)"]
[Site "Khanty-Mansiysk"]
[Date "2014.04.09"]
[Round "1"]
[White "Muzychuk, Anna"]
[Black "Batchimeg, Tuvshintugs"]
[Result "1-0"]
[ECO "C55"]
[WhiteElo "2560"]
[BlackElo "2340"]
[Annotator "ChessBase Website"]
[PlyCount "161"]
[EventDate "2014.04.09"]
[EventType "tourn"]
[EventRounds "11"]
[EventCountry "RUS"]
[EventCategory "10"]
[SourceTitle "CBM 160"]
[Source "ChessBase"]
[SourceDate "2014.05.15"]
[SourceVersion "1"]
[SourceVersionDate "2014.05.15"]
[SourceQuality "1"]
[TimeControl "40/5400+30:1800+30"]
[WhiteClock "1:30:00"]
[BlackClock "1:30:00"]

1. e4 e5 2. Nf3 Nc6 3. Bc4 Nf6 4. d3 Be7 5. O-O d6 6. a4 Na5 (6... O-O 7. Re1 Na5 8. Ba2 c5 9. c3 a6
10. d4 Qc7 11. Na3 Bg4 12. h3 Bh5 13. dxe5 dxe5 14. Nc4 Nxc4 15. Bxc4 Rad8 16.
Qe2 Bg6 17. Nd2 Rd7 18. a5 Nh5 19. Nf1 Qd8 20. Be3 h6 21. Red1 Rxd1 22. Rxd1
Qc8 23. Qg4 Qxg4 24. hxg4 Nf6 25. f3 Rc8 26. Nd2 Kf8 27. Bb3 Nh7 28. Nc4 f6 29.
Rd7 Rb8 30. Nb6 Be8 31. Bd5 Ng5 32. Rxb7 Rxb7 33. Bxb7 Ne6 34. Bxa6 Nc7 35. Bb7
Bb5 36. Nd5 {Saric,I (2637)-Zhao,X (2567) Wijk aan Zee 2014 1-0}) 7. Ba2 Be6 $146 (7... c5 8. Nc3 Nc6 9. Nd5 Nxd5 10.
Bxd5 O-O 11. c3 Bf6 12. Bd2 Ne7 13. Bc4 d5 14. exd5 Nxd5 15. a5 Rb8 16. Re1 b5
17. axb6 Nxb6 18. Bb3 Qxd3 19. Bc2 Qd6 20. Qe2 Bb7 21. Rxa7 g6 22. Bh6 Rfe8 23.
Ng5 Nc8 24. Ra4 Qb6 25. Ne4 Bxe4 26. Bxe4 Qxb2 27. Qf3 Bg7 28. Bd5 Rf8 29. Bxg7
Kxg7 30. Qe3 f6 31. Rh4 h5 32. Qxc5 Qb6 33. Rc4 Qxc5 34. Rxc5 Nd6 35. Rc7+ Kh6
36. Rc6 Nf5 37. Be6 {Howell,D (2639)-Hebden,M (2555) Torquay 2013 1/2-1/2}) 8.
b4 Bxa2 9. Rxa2 Nc6 10. c3 a6 11. Re1 O-O 12. Qb3 Re8 13.
c4 a5 14. b5 Nb4 {[%emt 0:
01:29][%csl Rb4] Black's offside knight on b4 was the bane of her existence,
as it was impossible to ever bring it back to the game. Mainly due to this she
was slowly crushed on the kingside where she was simply playing down a piece.}
15. Rd2 Nd7 16. Nc3 c5 17. Qd1 Nf8 18. Qe2 Bg5 19. Nxg5 Qxg5 20. Rdd1 Qg6 21. f4 exf4 22. Bxf4 Qf6 23. Qd2 Ng6 24. Rf1 Nxf4 25. Rxf4 Qe5 26. Rf5 Qd4+ 27. Kh1 g6 28. Rf3 b6 29. Ne2 Qe5 30. Rdf1 Ra7 31. Ng1 Qd4 32. Ne2 Qe5 33. Rg3 Rd7 34. Nf4 Ree7 35. h4 Qf6 36. h5 Re5 37. Qe2 Qh4+ 38. Rh3 Qg5 39. Qf3 Qf6 40. Qg4 Rd8 41. Kh2 Qg5 42. Qf3 Qf6 43. Rg3 Qh4+ 44. Kg1 Qf6 45. Qg4 Qg7 46. Qh4 Rde8 47. Qh3 R5e7 48. Kh1 Qh6 49. Qf5 Kh8 50. Qf6+ Qg7 51. Qxd6 Qe5 52. Qxb6 g5 53. Ne2 Re6 54. Qb7 R6e7 55. Qb6 Re6 56. Qxa5 Rh6 57. Qa7 Rxh5+ 58. Kg1 Re7 59. Qb6 Kg7 60. d4 cxd4 61. Qxd4 Qxd4+ 62. Nxd4 Rxe4 63. Nf5+ Kg6 64. Nd6 Rd4 65. Nxf7 g4 66. Re3 Kg7 67. Re7 Kf8 68. Rc7 Ke8 69. c5 Nd5 70. Nd6+ Kd8 71. Ra7 Nf4 72. Rf7 Ne2+ 73. Kf2 Re5 74. Re1 g3+ 75. Kf3 Rxd6 76. cxd6 Nd4+ 77. Kxg3 Rxe1 78. b6 Rb1 79. b7 Nf5+ 80. Rxf5 Kd7 81. Rb5 1-0

[Event "FRA-ch 91st"]
[Site "Agen"]
[Date "2016.08.16"]
[Round "4"]
[White "Jolly, Jean Francois"]
[Black "Cornette, Matthieu"]
[Result "1-0"]
[ECO "C55"]
[WhiteElo "2361"]
[BlackElo "2581"]
[Annotator "Fischer,J"]
[PlyCount "45"]
[EventDate "2016.08.13"]
[EventType "tourn"]
[EventRounds "9"]
[EventCountry "FRA"]
[EventCategory "14"]
[SourceTitle "CBM 174"]
[Source "ChessBase"]
[SourceDate "2016.09.13"]
[SourceVersion "1"]
[SourceVersionDate "2016.09.13"]
[SourceQuality "1"]
[TimeControl "40/5400+30:1800+30"]

1. e4 e5 2. Nf3 Nc6 3. Bc4 Nf6 4. d3 Be7 5. O-O O-O 6. Re1 d6 7. c3 Kh8 8. h3 (8. Nbd2) 8... Nd7 $146 (8... Ng8 9. d4
f5 10. dxe5 fxe4 11. Rxe4 Rxf3 12. gxf3 Bf5 13. Re1 Nxe5 14. Bf1 Qe8 15. f4
Qg6+ 16. Kh2 Bg4 17. Be2 Bxe2 18. Rxe2 Nf3+ 19. Kh1 Qh5 20. Kg2 Rf8 21. Qd3 Rf6
22. Qxf3 Rg6+ 23. Qg4 Rxg4+ 24. hxg4 Qd5+ {0-1 (24) Kuczynski,R (2483)
-Naiditsch,A (2639) Germany 2008}) 9. d4 exd4 10. cxd4 Nb6 11. Bb3 d5 12. Nc3 dxe4 13. Nxe4 Bf5 14. Nc5 Rb8 15. Bf4 $14 {[%emt 0:03:06] Les pièces Blanches sont très actives} Nd5 (15... Na5 $5 {L'échange des B doit favoriser les Noirs} 16.
Bc2 Bxc2 17. Qxc2 Nd5) 16. Bg3 Bg6 17. a3 Bh5 18. Rc1 Bf6 19. Nxb7 Rxb7 20. Rxc6 Qd7 21. Rc5 $1 c6 22. Ba4 Rc8 23. Bxc6 {[%emt 0:00:31] After 23...Rxc6
White plays 24.Rxd5 and because of the back rank mate Black cannot take the
rook - White is winning.} 1-0